 Dungeon Crawl Stone Soup version 0.24.0-125-gc4c63601f3 (webtiles) character file.

Game seed: 4935129728908044554, levelgen mode: deterministic

902 jmh the Ruffian (level 7, -1/68 HPs)
             Began as a Troll Berserker on Mar 18, 2020.
             Was an Elder of Trog.
             Slain by an orc
             ... wielding a +0 club
              (3 damage)
             ... in the Ecumenical Temple.
             The game lasted 00:05:36 (2286 turns).

jmh the Ruffian (Troll Berserker)                   Turns: 2286, Time: 00:05:36

Health: -1/68      AC:  6    Str: 27    XL:     7   Next: 80%
Magic:  6/6        EV: 10    Int:  4    God:    Trog [****..]
Gold:   224        SH:  0    Dex:  9    Spells: 6/6 levels left

rFire    . . .     SeeInvis .     - Unarmed
rCold    . . .     Gourm    +   (no shield)
rNeg     . . .     Faith    .   a - +0 animal skin
rPois    .         Spirit   .   (helmet restricted)
rElec    .         Reflect  .   m - scarf {cloud immunity}
rCorr    .         Harm     .   (gloves unavailable)
MR       ++...                  (boots unavailable)
Stlth    ..........             (no amulet)
HPRegen  1.61/turn              o - ring of attention (curse)
MPRegen  0.10/turn              (no ring)

@: berserk cooldown, regenerating, slowed, very slow
A: large, unfitting armour, claws 3, fast metabolism 3, gourmand, regeneration
1, shaggy fur 1, tough skin 3
a: Berserk, Trog's Hand, Brothers in Arms, Renounce Religion


You were in the Ecumenical Temple.
You worshipped Trog.
Trog was greatly pleased with you.
You were very full.

You visited 2 branches of the dungeon, and saw 5 of its levels.

You collected 224 gold pieces.

Inventory:

Hand Weapons
 u - a +5 scythe of venom
Missiles
 c - 7 poisoned darts (quivered)
 q - 5 large rocks
 v - 2 boomerangs
Armour
 a - a +0 animal skin (worn)
 m - a scarf of cloud immunity (worn)
Jewellery
 o - a cursed ring of attention (left claw)
Wands
 s - a wand of polymorph (7)
Scrolls
 e - 2 scrolls of teleportation {unknown}
 f - 2 scrolls of amnesia {unknown}
 g - a scroll of enchant armour {unknown}
 h - 2 scrolls of identify {unknown}
 j - a scroll of blinking {unknown}
 k - a scroll of enchant weapon {unknown}
 n - 2 scrolls of magic mapping {unknown}
 p - a scroll of immolation {unknown}
 t - 2 scrolls of remove curse {unknown}
Potions
 d - a potion of degeneration {unknown}
 l - 2 potions of curing {unknown}
 r - 2 potions of ambrosia {unknown}
Comestibles
 b - 4 rations
 i - 10 chunks of flesh


   Skills:
 + Level 3.6 Fighting
 + Level 0.7 Throwing
 * Level 3.0 Armour
 - Level 2.5 Dodging
 - Level 0.3 Stealth
 + Level 7.6 Unarmed Combat


You had 6 spell levels left.
You didn't know any spells.
Your spell library was empty.

Dungeon Overview and Level Annotations

Branches:
Dungeon (4/15)             Temple (1/1) D:4

Altars:
Cheibriados
Nemelex Xobeh
Uskayaw


Innate Abilities, Weirdness & Mutations

You are too large for most types of armour.
You have claws for hands.
Your metabolism is lightning-fast.
You like to eat raw meat.
Your natural rate of healing is unusually fast.
You are covered in fur. (AC +1)
You have extremely tough skin. (AC +3)


Message History

Reactivating autopickup.
Found a sparkling altar of Nemelex Xobeh.
There is a staircase back to the Dungeon here.
Unknown command.
You barely miss the gnoll. You claw the gnoll!
You kill the gnoll!
Trog accepts your kill. The gnoll hits you!
* * * LOW HITPOINT WARNING * * *
The orc misses you.
You mangle the gnoll!!
You kill the gnoll!
Trog accepts your kill.
You feel sick.
You are no longer poisoned.
The orc hits you but does no damage.
You closely miss the orc. The orc hits you with a +0 club!
* * * LOW HITPOINT WARNING * * *
The orc hits you with a +0 club.
You die...

... .._.
#....
#....
#####...#
#......#
#..o..#
#..@..#
#..†).#
#.....#
#######


You could see an orc.

Vanquished Creatures
  Sigmund (D:3)
  An ice beast (D:3)
  A howler monkey (D:4)
  A hound (D:4)
  A gnoll shaman (D:4)
  4 orc priests
  Ijyb (D:3)
  Jessica (D:3)
  2 orc wizards
  4 worker ants
  Robin (D:2)
  2 gnolls (Temple)
  8 adders
  2 oozes
  2 worms (D:3)
  2 dart slugs (D:1)
  2 leopard geckos
  18 orcs
  11 bats
  16 goblins
  7 hobgoblins
  6 jackals
  2 quokkas
  14 frilled lizards
  8 kobolds
  11 rats
129 creatures vanquished.

Notes
Turn   | Place    | Note
-------+----------+-------------------------------------------
     0 | D:1      | jmh the Troll Berserker began the quest for the Orb.
     0 | D:1      | Reached XP level 1. HP: 22/22 MP: 0/0
   116 | D:1      | Reached XP level 2. HP: 22/29 MP: 1/1
   247 | D:1      | Reached ** piety under Trog
   331 | D:1      | Reached XP level 3. HP: 35/36 MP: 2/2
   641 | D:2      | Reached skill level 1 in Armour
   687 | D:2      | Noticed Robin
   709 | D:2      | Reached skill level 4 in Unarmed Combat
   709 | D:2      | Reached XP level 4. HP: 44/44 MP: 3/3
   717 | D:2      | Killed Robin
   875 | D:2      | Reached *** piety under Trog
  1179 | D:2      | Found a snail-covered altar of Cheibriados.
  1186 | D:2      | Reached XP level 5. HP: 52/52 MP: 4/4
  1276 | D:3      | Noticed Jessica
  1289 | D:3      | Killed Jessica
  1397 | D:3      | Reached skill level 5 in Unarmed Combat
  1522 | D:2      | Reached XP level 6. HP: 46/61 MP: 5/5
  1576 | D:3      | Received a gift from Trog
  1868 | D:3      | Noticed Ijyb
  1870 | D:3      | Reached **** piety under Trog
  1875 | D:3      | Killed Ijyb
  1916 | D:3      | Found a hide-covered altar of Uskayaw.
  1919 | D:3      | Noticed Sigmund
  1934 | D:3      | Killed Sigmund
  1934 | D:3      | Reached skill level 6 in Unarmed Combat
  1934 | D:3      | Reached XP level 7. HP: 64/67 MP: 6/6
  2243 | D:4      | Found a staircase to the Ecumenical Temple.
  2248 | D:4      | Reached skill level 7 in Unarmed Combat
  2283 | Temple   | Entered the Ecumenical Temple
  2286 | Temple   | HP: 2/68 [orc/+0 club (7)]
  2286 | Temple   | Slain by an orc

Levels and vault maps discovered:
D:1:      lightli_arrival_noodles, layout_basic, hangedman_decor_slide_cut,
          minmay_lizard_king
D:2:      layout_basic, cheibriados_altar_1, uniq_robin
D:3:      layout_rooms, nicolae_overflow_hidden_temple, uniq_sigmund,
          uniq_jessica, uniq_ijyb
D:4:      layout_cave_pools, kennysheep_mini, minmay_temple_entry_junction,
          first_ration
Temple:   minmay_crystal_spiral_temple

Skill      XL: |  1  2  3  4  5  6  7 |
---------------+----------------------+-----
Armour         | 1 2 3 |  3.0
Unarmed Combat | 4 5 6 7 |  7.6
Fighting       | 3 |  3.6
Throwing       | |  0.7
Dodging        | |  2.5
Stealth        | |  0.3

Action                   |  1- 3 |  4- 6 |  7- 9 || total
-------------------------+-------+-------+-------++-------
Melee: Unarmed           |   123 |   186 |    56 ||   365
       Punch             |     2 |     3 |     3 ||     8
Throw: Dart              |       |     4 |       ||     4
Invok: Berserk           |       |     1 |     1 ||     2
       Trog's Hand       |       |       |     1 ||     1
 Stab: Sleeping          |     1 |       |       ||     1
  Eat: Chunk             |    12 |    11 |     5 ||    28
Armor: Animal skin       |    57 |    69 |    28 ||   154
Dodge: Dodged            |    72 |    71 |    43 ||   186
